 Dungeon Crawl Stone Soup version 0.17-a0-1663-gb806841 (webtiles) character file.

51 kae the Chiller (level 3, -5/24 HPs)
             Began as a Demonspawn Ice Elementalist on Aug 16, 2015.
             Killed by divine providence
             ... invoked by an orc priest
              (7 damage)
             ... on level 3 of the Dungeon.
             The game lasted 00:02:21 (1551 turns).

kae the Chiller (Demonspawn Ice Elementalist)       Turns: 1551, Time: 00:02:21

Health: -5/24      AC:  3    Str:  8    XL:     3   Next: 58%
Magic:  6/6        EV:  7    Int: 17    God:
Gold:   111        SH:  0    Dex: 15    Spells: 2 memorised, 3 levels left

rFire  . . .     SeeInvis .     e - +0 whip
rCold  . . .     Clarity  .     a - +0 robe
rNeg   . . .     SustAt   .     (no shield)
rPois  .         Gourm    .     (no helmet)
rElec  .         Spirit   .     (no cloak)
rCorr  .         Warding  .     s - +0 pair of gloves
rMut   .         Stasis   .     (no boots)
MR     .....                    (no amulet)
Stlth  ++........               (no ring)
                                (no ring)

@: not resistant to hostile enchantments, unstealthy
A: thin skeletal structure 1
a: no special abilities


You were on level 3 of the Dungeon.
You were hungry.

You visited 1 branch of the dungeon, and saw 3 of its levels.

You collected 111 gold pieces.

Inventory:

Hand weapons
 e - a +0 whip (weapon)
Armour
 a - a +0 robe (worn)
 s - a +0 pair of gloves (worn)
Jewellery
 p - an uncursed ring of ice {unknown}
Scrolls
 d - a scroll of enchant armour {unknown}
 h - a scroll of enchant weapon {unknown}
 i - 2 scrolls of noise {unknown}
 k - 2 scrolls of recharging {unknown}
 m - a scroll of immolation {unknown}
 n - 3 scrolls of identify {unknown}
 q - 2 scrolls of teleportation {unknown}
 t - a scroll of remove curse {unknown}
Potions
 g - a potion of agility {unknown}
 j - a potion of magic {unknown}
 l - a potion of heal wounds {unknown}
 o - a potion of cancellation {unknown}
 u - a potion of curing {unknown}
 v - a potion of poison {unknown}
Books
 b - a book of Frost

   Spells                             Type                      Level
   a - Freeze                         Ice                          1
   b - Throw Frost                    Conjuration/Ice              2
   c - Ozocubu's Armour               Charms/Ice                   3
   d - Throw Icicle                   Conjuration/Ice              4
   e - Summon Ice Beast               Ice/Summoning                4
   f - Condensation Shield            Ice                          4
Comestibles
 c - 3 bread rations
 r - a slice of pizza


   Skills:
 - Level 1.7 Dodging
 - Level 1.7 Stealth
 + Level 2.2 Spellcasting
 * Level 2.1 Conjurations
 * Level 3.6 Ice Magic


You had 3 spell levels left.
You knew the following spells:

 Your Spells              Type           Power        Failure   Level  Hunger
a - Freeze                Ice            ##..         4%          1    #......
b - Throw Frost           Conj/Ice       ##....       12%         2    ###....


Dungeon Overview and Level Annotations

Branches:
Dungeon (3/15)

Altars:
Dithmenos
Qazlal


Innate Abilities, Weirdness & Mutations

You have a somewhat thin skeletal structure (Dex +2, Stealth).


Message History

Unknown command.
You hit the bat.
You kill the bat!
The orc priest casts a cantrip, but nothing happens.
An orc comes into view. It is wielding a whip.
The orc priest casts a cantrip, but nothing happens.
Found 10 stones.
There is a stone staircase leading down here.
The orc priest invokes the aid of Beogh against you.
Something smites you!
Ouch! That really hurt!
* * * LOW HITPOINT WARNING * * *
Your magical contamination has completely faded away.
There is a stone staircase leading up here.
Drink which item? (? for menu, Esc to quit)
It was a potion of cure mutation.
It has a very clean taste.
The orc completely misses you.
The orc priest mumbles some strange prayers to Beogh against you.
Something smites you!
You die...

#.# #....## # #.#
##.....## #
#.###.....†.###
#####..#...........
#†...........o..#..
#.###...###.....#>.. #
##.## #....#....
#.##.####.####..o......
#.....@oo...oo.####....
#########...........(..
#############.. #(. ..
..


You could see an orc priest and 3 orcs.

Vanquished Creatures
  An adder (D:2)
  An ooze (D:2)
  A worm (D:2)
  7 bats
  A giant cockroach (D:2)
  6 hobgoblins
  3 giant newts
  3 goblins
  2 jackals (D:2)
  2 quokkas (D:2)
  8 rats
35 creatures vanquished.

Notes
Turn   | Place    | Note
--------------------------------------------------------------
     0 | D:1      | kae the Demonspawn Ice Elementalist began the quest for the Orb.
     0 | D:1      | Reached XP level 1. HP: 13/13 MP: 3/3
   202 | D:1      | Reached skill level 3 in Ice Magic
   291 | D:1      | Gained mutation: You have a somewhat thin skeletal structure (Dex +2, Stealth). [demonic ancestry]
   291 | D:1      | Reached XP level 2. HP: 17/19 MP: 3/5
   295 | D:1      | Learned a level 2 spell: Throw Frost
   686 | D:2      | Found a shadowy altar of Dithmenos.
   903 | D:2      | Reached XP level 3. HP: 13/24 MP: 1/6
  1227 | D:2      | Found a stormy altar of Qazlal.
  1547 | D:3      | HP: 1/24 [orc priest/divine providence (15)]
  1551 | D:3      | Killed from afar by an orc priest

Vault maps used:
D:1:      dpeg_arrival_pits, serial_bayou_crossing
D:2:      nicolae_qazlal_eye_of_the_storm, old_standard_altar, first_bread
D:3:      kennysheep_goblin_castle, led_sif_book

Action                   || total
-------------------------++-------
Melee: Whip              ||    29
 Cast: Freeze            ||    41
       Throw Frost       ||     2
  Use: Potion            ||     1
 Stab: Sleeping          ||     8
  Eat: Chunk             ||     2
